 Dungeon Crawl Stone Soup version 0.26.1-11-gd32895ea62 (webtiles) character file.

Game seed: 15752280245533564328

23 Zeld the Twirler (level 2, 0/19 HPs)
             Began as an Octopode Gladiator on May 23, 2021.
             Slain by a bat (1 damage)
             ... on level 2 of the Dungeon.
             The game lasted 00:01:19 (1318 turns).

Zeld the Twirler (Octopode Gladiator)               Turns: 1318, Time: 00:01:20

Health: 0/19       AC:  1    Str: 13    XL:     2   Next: 95%
Magic:  2/2        EV: 14    Int: 10    God:
Gold:   70         SH:  0    Dex: 13    Spells: 1/1 levels left

rFire    . . .     SeeInvis .   a - +0 quarterstaff
rCold    . . .     Faith    .   (shield currently unavailable)
rNeg     . . .     Spirit   .   b - +0 hat
rPois    .         Reflect  .   (no amulet)
rElec    .         Harm     .   (no ring)
rCorr    .         Rampage  .   (no ring)
Will     .....                  (no ring)
Stlth    ++........             (no ring)
HPRegen  0.06/turn              (no ring)
MPRegen  0.08/turn              (no ring)
                                (no ring)
                                (no ring)

@: no status effects
A: almost no armour, stealthy swim, amphibious, 8 rings, constrict 8, camouflage
1, gelatinous body 1
a: no special abilities


You were on level 2 of the Dungeon.
You visited 1 branch of the dungeon, and saw 2 of its levels.

You collected 70 gold pieces.

Inventory:

Hand Weapons
 a - a +0 quarterstaff (weapon)
Missiles
 c - 3 throwing nets (quivered)
Armour
 b - a +0 hat (worn)
Scrolls
 d - a scroll of amnesia {unknown}
 e - a scroll of teleportation
 k - a scroll of remove curse
Potions
 f - a potion of haste {unknown}
 g - a potion of curing {unknown}
 h - a potion of lignification {unknown}
 i - a potion of cancellation {unknown}


   Skills:
 - Level 2.0 Fighting
 * Level 4.0 Staves
 - Level 2.0 Throwing
 - Level 3.0 Dodging


You had one spell level left.
You didn't know any spells.
Your spell library was empty.

Dungeon Overview and Level Annotations

Branches:
Dungeon (2/15)

Altars:
Qazlal


Innate Abilities, Weirdness & Mutations

You cannot wear most types of armour.
You are very stealthy in the water. (Stealth+)
You are amphibious.
You can wear up to eight rings at the same time.
You can use your tentacles to constrict eight enemies at once.
Your skin changes colour to match your surroundings (Stealth+).
Your rubbery body absorbs attacks. (AC +1, EV +1)


Message History

The goblin shouts!
You hit the worm but do no damage. You grab the worm.
The worm is moderately wounded.
You constrict the worm, but do no damage.
The worm bites you!
The leopard gecko hisses angrily.
You hit the worm.
The worm is heavily wounded.
You constrict the worm.
You hear an angry hiss.
The worm bites you!
* * * LOW HITPOINT WARNING * * *
You release your grip on the worm.
A bat comes into view.
The bat moves out of view.
The bat misses you. The bat barely misses you. The bat misses you.
The bat hits you.
You die...

...............
........####.#
.####.#....#.# #
#....#.# #...w#.#
#?...#.# #....#.#
#....#.########
#....gl..b@...#
#.#.##.######.#
#.#.##......#.
#.#..#........
...#.#......#. g
.#.#......#.
#.≈.#≈≈≈≈
#.#.#.###.##.##
#.≈≈≈≈_.≈ #...#
#.# #.# #.≈≈#≈>8≈
##..#
#.###.####..≈≈≈≈≈


You could see a leopard gecko, a goblin and a bat.

Vanquished Creatures
  A dart slug (D:1)
  2 giant cockroaches (D:1)
  2 goblins (D:1)
  2 hobgoblins (D:1)
  A ball python (D:1)
  4 bats
  2 frilled lizards (D:1)
  5 kobolds (D:1)
  A rat (D:1)
20 creatures vanquished.

Notes
Turn   | Place    | Note
-------+----------+-------------------------------------------
     0 | D:1      | Zeld the Octopode Gladiator began the quest for the Orb.
     0 | D:1      | Reached XP level 1. HP: 14/14 MP: 1/1
   433 | D:1      | Reached XP level 2. HP: 19/19 MP: 2/2
   896 | D:1      | Reached skill level 4 in Staves
  1258 | D:2      | Found a stormy altar of Qazlal.
  1318 | D:2      | Slain by a bat

Illustrated notes

Levels and vault maps discovered:
D:1:      lemuel_arrival_behind_the_door_large, layout_basic
D:2:      layout_basic, nicolae_overflow_crystal_walls,
          nicolae_qazlal_general_emergency

Skill      XL: |  1  2 |
---------------+-------+-----
Staves         | 4 |  4.0
Fighting       | |  2.0
Throwing       | |  2.0
Dodging        | |  3.0

Action                   || total
-------------------------++-------
Melee: Quarterstaff      ||    35
       Constrict         ||    11
       Tentacles         ||     5
  Use: Scroll            ||     3
 Stab: Sleeping          ||     5
Armor: Skin              ||     3
Dodge: Dodged            ||    28
